[Event "Czech Youth U10 Boys 2024"]
[Site "Kouty nad Desnou"]
[Date "2024.03.11"]
[Round "3.1"]
[White "Lutskiy, Mikhail"]
[Black "Vo, Daniel"]
[Result "1/2-1/2"]
[ECO "B53"]
[WhiteElo "1676"]
[BlackElo "1629"]
[Annotator "NA RC"]
[PlyCount "132"]
[EventDate "2024.03.10"]
[EventType "swiss"]
[EventCountry "CZE"]
[SourceTitle "playchess.com"]
[Source "ChessBase"]
[SourceQuality "1"]
[TimeControl "40/5400+30:1800+30"]

1. e4 c5 2. Nf3 d6 3. d4 cxd4 4. Qxd4 Nc6 5. Bb5 Bd7 6. Bxc6 Bxc6 7. Nc3 Nf6 8. Bg5 e6 9. O-O-O Be7 10. Rhe1 Qb6 11. Qxb6 axb6 12. Kb1 O-O 13. Bxf6 gxf6 14. Nd4 Rfd8 15. a3 d5 16. exd5 Bxd5 17. Nf5 Bc5 18. Nxd5 Rxd5 19. Rxd5 exd5 20. Ne7+ Kg7 21. Nxd5 Rd8 22. Nc3 f5 23. f3 Kf6 24. Re2 h5 25. Ka2 h4 26. Kb3 h3 27. g3 Rh8 28. Kc4 Bd6 29. Nd5+ Kg7 30. f4 Rc8+ 31. Kb3 Rc5 32. Nc3 Kg6 33. Ka2 Kh5 34. Re8 Kg4 35. Rh8 Be7 36. Nd1 Rc6 37. c3 Re6 38. Nf2+ Kf3 39. Nxh3 Kg2 40. Ng5 Re2 41. Nxf7 Bf6 42. Rc8 Kxh2 43. Nd6 Kxg3 44. Nxf5+ Kxf4 45. Nd6 Re7 46. Nc4 Re6 47. Rc7 b5 48. Nd2 b6 49. Nb3 Rd6 50. Rf7 Kg5 51. Kb1 Kg6 52. Rb7 Kf5 53. Nd4+ Bxd4 54. cxd4 Ke4 55. Kc2 Kxd4 56. Kb3 Kd3 57. Rc7 Rf6 58. Kb4 Rf2 59. b3 Rb2 60. Rc6 Kd2 61. Rxb6 Kc2 62. Rxb5 Rxb3+ 63. Ka4 Rc3 64. Rh5 Rd3 65. Rh2+ Kc3 66. Kb5 Rd5+ 1/2-1/2

[Event "Czech Youth U10 Boys 2024"]
[Site "Kouty nad Desnou"]
[Date "2024.03.11"]
[Round "3.2"]
[White "Trejbal, Jindrich"]
[Black "Bucek, Vit"]
[Result "1-0"]
[ECO "B40"]
[WhiteElo "1947"]
[BlackElo "1603"]
[Annotator "RC"]
[PlyCount "143"]
[EventDate "2024.03.10"]
[EventType "swiss"]
[EventCountry "CZE"]
[SourceTitle "playchess.com"]
[Source "ChessBase"]
[SourceQuality "1"]
[TimeControl "40/5400+30:1800+30"]

1. e4 c5 2. Nf3 e6 3. c4 Nc6 4. Nc3 g6 5. d4 cxd4 6. Nxd4 Bg7 7. Be3 d6 8. g3 Nf6 9. Bg2 O-O 10. O-O Nxd4 11. Bxd4 a6 12. e5 dxe5 13. Bxe5 Qb6 14. Qd4 Qxd4 15. Bxd4 Nd7 16. Rad1 Bxd4 17. Rxd4 Rb8 18. Ne4 f5 19. Nd6 Nf6 20. Rfd1 e5 21. Bd5+ Kg7 22. R4d2 b5 23. c5 f4 24. Rc1 Rd8 25. Bg2 Be6 26. c6 Ne8 27. c7 Nxc7 28. Rxc7+ Kg8 29. Rcc2 Bxa2 30. Bd5+ Bxd5 31. Rxd5 Kf8 32. Rcd2 f3 33. h4 Ke7 34. Rxe5+ Kf6 35. Re3 b4 36. Rxf3+ Kg7 37. Rfd3 Kg8 38. Kg2 a5 39. b3 Ra8 40. Nc4 Rdb8 41. Ra2 a4 42. Rxa4 Rxa4 43. bxa4 b3 44. Nb2 Kg7 45. Kf3 Kf6 46. Ke2 Kf5 47. f3 h6 48. Kd2 g5 49. hxg5 hxg5 50. Rd5+ Kf6 51. Rb5 Rd8+ 52. Ke2 Rc8 53. Rxb3 Rc2+ 54. Kd3 Rc1 55. a5 Ra1 56. Rb6+ Kf5 57. a6 g4 58. fxg4+ Kxg4 59. Kc4 Kxg3 60. Kb5 Kf4 61. Kc6 Ke5 62. Kb7 Kd5 63. a7 Kc5 64. Rh6 Rxa7+ 65. Kxa7 Kb4 66. Kb6 Kb3 67. Kb5 Ka2 68. Kb4 Kxb2 69. Rh2+ Kb1 70. Kc3 Ka1 71. Kb3 Kb1 72. Rh1# 1-0

[Event "Czech Youth U10 Boys 2024"]
[Site "Kouty nad Desnou"]
[Date "2024.03.11"]
[Round "3.3"]
[White "Vratny, Vojtech"]
[Black "Vydra, David"]
[Result "0-1"]
[ECO "A40"]
[WhiteElo "1566"]
[BlackElo "1583"]
[Annotator "NA RC"]
[PlyCount "72"]
[EventDate "2024.03.10"]
[EventType "swiss"]
[EventCountry "CZE"]
[SourceTitle "playchess.com"]
[Source "ChessBase"]
[SourceQuality "1"]
[TimeControl "40/5400+30:1800+30"]

1. d4 Nf6 2. c4 e6 3. g3 Be7 4. Bg2 O-O 5. Nf3 d5 6. O-O b6 7. cxd5 Nxd5 8. e4 Nf6 9. Nc3 Bb7 10. Re1 Nbd7 11. e5 Nd5 12. Nxd5 Bxd5 13. Qd3 c5 14. h4 h6 15. Kh2 cxd4 16. Qxd4 Bc5 17. Qg4 Kh7 18. Re2 f5 19. Qh5 Kg8 20. Bxh6 gxh6 21. Qg6+ Kh8 22. Qxh6+ Kg8 23. Ng5 Qe7 24. Bxd5 exd5 25. e6 Nf6 26. Qg6+ Qg7 27. Qxg7+ Kxg7 28. e7 Rg8 29. Rae1 Bxf2 30. Rf1 Be3 31. Ne6+ Kf7 32. Nc7 Rac8 33. e8=Q+ Nxe8 34. Rxf5+ Kg6 35. Nxe8 Rgxe8 36. Rf1 Bg1+ 0-1

[Event "Czech Youth U10 Boys 2024"]
[Site "Kouty nad Desnou"]
[Date "2024.03.11"]
[Round "3.4"]
[White "Bukovskij, Dmitri"]
[Black "Hroch, Pavel"]
[Result "1-0"]
[ECO "A06"]
[WhiteElo "1665"]
[BlackElo "1495"]
[Annotator "NA RC"]
[PlyCount "65"]
[EventDate "2024.03.10"]
[EventType "swiss"]
[EventCountry "CZE"]
[SourceTitle "playchess.com"]
[Source "ChessBase"]
[SourceQuality "1"]
[TimeControl "40/5400+30:1800+30"]

1. Nf3 d5 2. d4 e6 3. c4 Nf6 4. cxd5 exd5 5. Nc3 c6 6. Bg5 Be7 7. e3 Nbd7 8. Bd3 O-O 9. Qc2 Re8 10. O-O Nf8 11. Rab1 Ne4 12. Bxe7 Qxe7 13. b4 a6 14. Na4 Bg4 15. Ne5 Bf5 16. f3 g6 17. fxe4 dxe4 18. Bc4 Ne6 19. Nc5 f6 20. Nxe6 fxe5 21. Nc7+ Kg7 22. Nxe8+ Rxe8 23. dxe5 Qxe5 24. Qb2 Qxb2 25. Rxb2 b5 26. Bb3 Rd8 27. Rd1 Rc8 28. Rc2 Bg4 29. Rd6 Ra8 30. Be6 Bxe6 31. Rxe6 a5 32. bxa5 Rxa5 33. Rxe4 1-0

[Event "Czech Youth U10 Boys 2024"]
[Site "Kouty nad Desnou"]
[Date "2024.03.11"]
[Round "3.5"]
[White "Zelenka, Tomas"]
[Black "Strihavka, Petr"]
[Result "0-1"]
[ECO "C55"]
[WhiteElo "1566"]
[BlackElo "1447"]
[Annotator "NA RC"]
[PlyCount "48"]
[EventDate "2024.03.10"]
[EventType "swiss"]
[EventCountry "CZE"]
[SourceTitle "playchess.com"]
[Source "ChessBase"]
[SourceQuality "1"]
[TimeControl "40/5400+30:1800+30"]

1. e4 e5 2. Nf3 Nc6 3. Bc4 Nf6 4. d3 d6 5. c3 Be6 6. Bb3 Be7 7. O-O O-O 8. h3 d5 9. exd5 Bxd5 10. Re1 Bd6 11. Bg5 Bxb3 12. Qxb3 Rb8 13. Nbd2 h6 14. Bh4 Re8 15. Nc4 a6 16. Re2 Re6 17. Rae1 Qe7 18. Ne3 Qd7 19. Nf5 Kh7 20. d4 e4 21. d5 Nxd5 22. Rxe4 Rxe4 23. Rxe4 Qxf5 24. Rg4 Qb1+ 0-1

[Event "Czech Youth U10 Boys 2024"]
[Site "Kouty nad Desnou"]
[Date "2024.03.11"]
[Round "3.6"]
[White "Kobersky, Matyas"]
[Black "Skoloud, Josef"]
[Result "0-1"]
[ECO "D30"]
[WhiteElo "1405"]
[BlackElo "1564"]
[Annotator "NA RC"]
[PlyCount "50"]
[EventDate "2024.03.10"]
[EventType "swiss"]
[EventCountry "CZE"]
[SourceTitle "playchess.com"]
[Source "ChessBase"]
[SourceQuality "1"]
[TimeControl "40/5400+30:1800+30"]

1. d4 d5 2. c4 e6 3. Nf3 Nf6 4. a3 c5 5. dxc5 Bxc5 6. e3 O-O 7. Nc3 Nc6 8. b4 Bb6 9. Bb2 Bc7 10. Be2 b6 11. O-O Bb7 12. Qb3 dxc4 13. Qxc4 Ne5 14. Nxe5 Bxe5 15. Rfd1 Qe7 16. Rd2 Rac8 17. Qb3 Qc7 18. Rc1 Bxh2+ 19. Kf1 Qb8 20. g3 Bxg3 21. fxg3 Qxg3 22. Bc4 Qxe3 23. Nb1 Qf4+ 24. Rf2 Qg5 25. Qh3 b5 0-1

[Event "Czech Youth U10 Boys 2024"]
[Site "Kouty nad Desnou"]
[Date "2024.03.11"]
[Round "3.7"]
[White "Dlouhy, Martin"]
[Black "Bartak, Tobias"]
[Result "0-1"]
[ECO "A05"]
[WhiteElo "1965"]
[BlackElo "1545"]
[Annotator "RC"]
[PlyCount "78"]
[EventDate "2024.03.10"]
[EventType "swiss"]
[EventCountry "CZE"]
[SourceTitle "playchess.com"]
[Source "ChessBase"]
[SourceQuality "1"]
[TimeControl "40/5400+30:1800+30"]

1. Nf3 Nf6 2. c4 g6 3. g3 Bg7 4. Bg2 O-O 5. d4 d5 6. c5 c6 7. O-O b6 8. b4 a5 9. Bd2 Ne4 10. bxa5 Nxd2 11. Qxd2 bxc5 12. e3 cxd4 13. exd4 Qxa5 14. Qxa5 Rxa5 15. Nc3 Bg4 16. Rad1 Ra3 17. Ne2 Bxf3 18. Bxf3 Rxf3 19. Nf4 Ra3 20. Rfe1 e6 21. Re2 Nd7 22. Rc2 Rc8 23. Ne2 c5 24. f4 c4 25. Nc3 Rb8 26. Kf2 Nf6 27. h3 h5 28. Nb1 Rd3 29. Nd2 Ne4+ 30. Kg2 Rxg3+ 31. Kh2 Rd3 32. a4 Ra8 33. Ra2 Nc3 34. Rda1 Nxa2 35. Rxa2 Bxd4 36. a5 Bc3 37. Nb1 Rxa5 38. Nxc3 Rxa2+ 39. Nxa2 Rd2+ 0-1

[Event "Czech Youth U10 Boys 2024"]
[Site "Kouty nad Desnou"]
[Date "2024.03.11"]
[Round "3.9"]
[White "Krivka, Lukas"]
[Black "Rybar, Vojta"]
[Result "0-1"]
[ECO "B27"]
[WhiteElo "1567"]
[BlackElo "1435"]
[Annotator "NA RC"]
[PlyCount "48"]
[EventDate "2024.03.10"]
[EventType "swiss"]
[EventCountry "CZE"]
[SourceTitle "playchess.com"]
[Source "ChessBase"]
[SourceQuality "1"]
[TimeControl "40/5400+30:1800+30"]

1. e4 c5 2. Nf3 g6 3. d4 cxd4 4. Nxd4 Nc6 5. Be3 Bg7 6. c3 Nf6 7. f3 O-O 8. Be2 d5 9. Nxc6 bxc6 10. exd5 cxd5 11. O-O e6 12. Qd2 Re8 13. Bh6 Rb8 14. Bxg7 Kxg7 15. Bd3 Qb6+ 16. Rf2 e5 17. Kh1 e4 18. fxe4 dxe4 19. Rxf6 Qxf6 20. Bc4 Be6 21. Ba6 Red8 22. Qe2 Rxb2 23. Qf1 Qxf1+ 24. Bxf1 Rd1 0-1

[Event "Czech Youth U10 Boys 2024"]
[Site "Kouty nad Desnou"]
[Date "2024.03.11"]
[Round "4.1"]
[White "Vydra, David"]
[Black "Trejbal, Jindrich"]
[Result "1-0"]
[ECO "C16"]
[WhiteElo "1583"]
[BlackElo "1947"]
[Annotator "RC"]
[PlyCount "85"]
[EventDate "2024.03.10"]
[EventType "swiss"]
[EventCountry "CZE"]
[SourceTitle "playchess.com"]
[Source "ChessBase"]
[SourceQuality "1"]
[TimeControl "40/5400+30:1800+30"]

1. e4 e6 2. d4 d5 3. Nc3 Bb4 4. e5 Nc6 5. Nf3 f6 6. exf6 Nxf6 7. Bg5 O-O 8. Bd3 Qd6 9. O-O Bxc3 10. bxc3 Ng4 11. h3 Rxf3 12. hxg4 Rf7 13. g3 h6 14. Bf4 Qe7 15. Kg2 g5 16. Be3 Bd7 17. Rh1 Rf6 18. Rh3 Raf8 19. Qh1 Kg7 20. Rf1 e5 21. Bf5 Bxf5 22. gxf5 Rd6 23. g4 exd4 24. Bc1 Re8 25. Kg1 Qe4 26. f3 Qxc2 27. Bxg5 hxg5 28. Rh7+ Kf6 29. Qh6+ Ke5 30. f4+ Ke4 31. f6 Qe2 32. Qg6+ Ke3 33. Qxe8+ Kd3 34. Rh3+ Qe3+ 35. Rxe3+ dxe3 36. f7 gxf4 37. f8=Q e2 38. Qf5+ Kxc3 39. Qe3+ Kc4 40. Rc1+ Kb5 41. Qb1+ Nb4 42. Qxb4+ Kxb4 43. Qb3+ 1-0

[Event "Czech Youth U10 Boys 2024"]
[Site "Kouty nad Desnou"]
[Date "2024.03.11"]
[Round "4.2"]
[White "Bucek, Vit"]
[Black "Lutskiy, Mikhail"]
[Result "1-0"]
[ECO "B35"]
[WhiteElo "1603"]
[BlackElo "1676"]
[Annotator "NA"]
[PlyCount "121"]
[EventDate "2024.03.10"]
[EventType "swiss"]
[EventCountry "CZE"]
[SourceTitle "playchess.com"]
[Source "ChessBase"]
[SourceQuality "1"]
[TimeControl "40/5400+30:1800+30"]

1. e4 c5 2. Nf3 g6 3. d4 cxd4 4. Nxd4 Bg7 5. Nc3 Nc6 6. Be3 Nf6 7. Bc4 O-O 8. Bb3 Re8 9. f3 d5 10. Nxc6 bxc6 11. exd5 cxd5 12. Nxd5 Nxd5 13. Qxd5 Qxd5 14. Bxd5 Rb8 15. Rb1 Rxb2 16. Rxb2 Bxb2 17. Bxa7 Bc3+ 18. Kf2 Bf5 19. Bb3 Ra8 20. Bc5 Bf6 21. Re1 e6 22. a4 Bxc2 23. Bxc2 Rc8 24. Bxg6 hxg6 25. Bb6 Ra8 26. Re4 Ra6 27. a5 Kg7 28. Ke3 Be7 29. Ra4 Rxb6 30. axb6 Bc5+ 31. Ke4 Bxb6 32. h4 Bf2 33. Kd3 Bg3 34. Re4 Kh6 35. Kc4 Kh5 36. Kc5 Bxh4 37. Kd6 Bg5 38. Kd7 Kh6 39. Ke8 Kg7 40. g4 Bh6 41. Rb4 f5 42. Ke7 fxg4 43. fxg4 e5 44. Ke6 Bf4 45. Rb7+ Kh6 46. Kf6 g5 47. Kf5 e4 48. Kxe4 Kg6 49. Rb6+ Kf7 50. Kf5 Kg7 51. Rb7+ Kf8 52. Kf6 Kg8 53. Rf7 Be3 54. Kg6 Bf4 55. Ra7 Kf8 56. Kf6 Kg8 57. Ra8+ Kh7 58. Kf7 Bd2 59. Ra1 Be1 60. Rxe1 Kh6 61. Rh1# 1-0

[Event "Czech Youth U10 Boys 2024"]
[Site "Kouty nad Desnou"]
[Date "2024.03.11"]
[Round "4.3"]
[White "Vo, Daniel"]
[Black "Bukovskij, Dmitri"]
[Result "1-0"]
[ECO "B45"]
[WhiteElo "1629"]
[BlackElo "1665"]
[Annotator "NA RC"]
[PlyCount "27"]
[EventDate "2024.03.10"]
[EventType "swiss"]
[EventCountry "CZE"]
[SourceTitle "playchess.com"]
[Source "ChessBase"]
[SourceQuality "1"]
[TimeControl "40/5400+30:1800+30"]

1. e4 c5 2. Nf3 Nc6 3. d4 cxd4 4. Nxd4 e6 5. Nb5 Nf6 6. N1c3 Bb4 7. Nd6+ Bxd6 8. Qxd6 Qe7 9. Qxe7+ Nxe7 10. Bf4 d5 11. Nb5 O-O 12. Bd6 Nc6 13. Bxf8 Kxf8 14. exd5 1-0

[Event "Czech Youth U10 Boys 2024"]
[Site "Kouty nad Desnou"]
[Date "2024.03.11"]
[Round "4.4"]
[White "Skoloud, Josef"]
[Black "Hlavacek, Pavel"]
[Result "1-0"]
[ECO "B13"]
[WhiteElo "1564"]
[BlackElo "1945"]
[Annotator "RC"]
[PlyCount "111"]
[EventDate "2024.03.10"]
[EventType "swiss"]
[EventCountry "CZE"]
[SourceTitle "playchess.com"]
[Source "ChessBase"]
[SourceQuality "1"]
[TimeControl "40/5400+30:1800+30"]

1. e4 c6 2. d4 d5 3. exd5 cxd5 4. c4 Nf6 5. Nf3 Bg4 6. Nc3 e6 7. Be2 Nc6 8. O-O dxc4 9. Qa4 Bd6 10. Qxc4 O-O 11. d5 exd5 12. Nxd5 Be6 13. Nxf6+ Qxf6 14. Qb5 Rab8 15. Bg5 Qf5 16. Rfd1 Qxb5 17. Bxb5 Bb4 18. a3 Be7 19. Bxc6 Bxg5 20. Nxg5 bxc6 21. Nxe6 fxe6 22. b4 Rbd8 23. Kf1 Rd5 24. Rac1 Rc8 25. Rxd5 exd5 26. Ke2 Kf7 27. Rc5 Ke6 28. Kd3 Kd6 29. Kd4 Re8 30. Ra5 Re7 31. Ra6 Rb7 32. f3 Rf7 33. b5 Rf4+ 34. Ke3 Rf7 35. Rxc6+ Ke5 36. h3 d4+ 37. Kd3 Kd5 38. Rc4 Rf4 39. Rc7 a6 40. bxa6 Rf6 41. Rd7+ Kc5 42. Rxg7 Rxa6 43. Rg5+ Kc6 44. Kxd4 Rxa3 45. Rg7 Ra2 46. Ke3 Rb2 47. Kf4 Kd5 48. Kg3 Kd4 49. Rxh7 Ke3 50. Re7+ Kd4 51. h4 Rb5 52. Kg4 Ra5 53. f4 Kd3 54. g3 Rc5 55. f5 Rc4+ 56. Kg5 1-0

[Event "Czech Youth U10 Boys 2024"]
[Site "Kouty nad Desnou"]
[Date "2024.03.11"]
[Round "4.5"]
[White "Bartak, Tobias"]
[Black "Rybar, Vojta"]
[Result "1-0"]
[ECO "B23"]
[WhiteElo "1545"]
[BlackElo "1435"]
[Annotator "NA RC"]
[PlyCount "91"]
[EventDate "2024.03.10"]
[EventType "swiss"]
[EventCountry "CZE"]
[SourceTitle "playchess.com"]
[Source "ChessBase"]
[SourceQuality "1"]
[TimeControl "40/5400+30:1800+30"]

1. e4 c5 2. Nc3 e6 3. Nf3 d5 4. d3 Nc6 5. g3 Nf6 6. Bg2 dxe4 7. Nxe4 Nxe4 8. dxe4 Qxd1+ 9. Kxd1 b6 10. Bf4 Bb7 11. c3 O-O-O+ 12. Kc2 Bd6 13. Bxd6 Rxd6 14. Ng5 Rd7 15. Rad1 Rhd8 16. Rxd7 Rxd7 17. Nxh7 f6 18. Nf8 Rd6 19. Rd1 Rxd1 20. Kxd1 Nd8 21. Ng6 f5 22. f3 Nf7 23. exf5 exf5 24. Ne7+ Kd7 25. Nxf5 g6 26. Ne3 Ne5 27. f4 Nf3 28. Ke2 Ng1+ 29. Kf2 Bxg2 30. Kxg2 Ne2 31. Kf3 Nc1 32. a3 Nd3 33. b3 Ke6 34. Kg4 Nf2+ 35. Kg5 Kf7 36. Ng4 Ne4+ 37. Kh6 Nxc3 38. Ne5+ Kf6 39. Nxg6 Nb5 40. g4 Nd4 41. g5+ Kf7 42. Ne5+ Kg8 43. g6 Nxb3 44. Nc6 c4 45. Ne7+ Kf8 46. g7+ 1-0

[Event "Czech Youth U10 Boys 2024"]
[Site "Kouty nad Desnou"]
[Date "2024.03.11"]
[Round "4.6"]
[White "Strihavka, Petr"]
[Black "Menkov, Ivan"]
[Result "1/2-1/2"]
[ECO "C49"]
[WhiteElo "1447"]
[BlackElo "1524"]
[Annotator "NA RC"]
[PlyCount "69"]
[EventDate "2024.03.10"]
[EventType "swiss"]
[EventCountry "CZE"]
[SourceTitle "playchess.com"]
[Source "ChessBase"]
[SourceQuality "1"]
[TimeControl "40/5400+30:1800+30"]

1. e4 e5 2. Nf3 Nc6 3. Nc3 Nf6 4. Bb5 Bb4 5. O-O O-O 6. d3 Re8 7. Bg5 h6 8. Bh4 a6 9. Bc4 Bxc3 10. bxc3 d6 11. h3 Be6 12. Bb3 Kh8 13. Qd2 Qe7 14. Rab1 b5 15. a4 Bxb3 16. cxb3 Qe6 17. axb5 axb5 18. c4 bxc4 19. bxc4 Ra3 20. Ra1 Rea8 21. Rxa3 Rxa3 22. Rb1 Nh5 23. Rb7 Qc8 24. Rb1 Nf4 25. Ne1 Nd4 26. Rb2 Ra1 27. Ra2 Nf3+ 28. gxf3 Qxh3 29. Rxa1 Qxh4 30. Ra8+ Kh7 31. Rc8 Qg5+ 32. Kf1 Qh4 33. Kg1 Qg5+ 34. Kf1 Qh4 35. Kg1 1/2-1/2

[Event "Czech Youth U10 Boys 2024"]
[Site "Kouty nad Desnou"]
[Date "2024.03.11"]
[Round "4.7"]
[White "Cerny, Ren"]
[Black "Vratny, Vojtech"]
[Result "1/2-1/2"]
[ECO "B21"]
[WhiteElo "1623"]
[BlackElo "1566"]
[Annotator "NA RC"]
[PlyCount "70"]
[EventDate "2024.03.10"]
[EventType "swiss"]
[EventCountry "CZE"]
[SourceTitle "playchess.com"]
[Source "ChessBase"]
[SourceQuality "1"]
[TimeControl "40/5400+30:1800+30"]

1. e4 c5 2. d4 cxd4 3. c3 Nf6 4. e5 Nd5 5. cxd4 e6 6. Nf3 d6 7. Bc4 Nb6 8. Bb3 dxe5 9. dxe5 Qxd1+ 10. Kxd1 Be7 11. Re1 O-O 12. Nc3 Rd8+ 13. Ke2 Nc6 14. Be3 Nd7 15. Bf4 Nc5 16. Rad1 Bd7 17. Be3 Nxb3 18. axb3 b6 19. Ne4 Na5 20. Nd4 Nc6 21. f4 Nxd4+ 22. Rxd4 Bb5+ 23. Kf2 Rxd4 24. Bxd4 Rd8 25. Ke3 Rc8 26. Bc3 Bc6 27. Ra1 Rc7 28. Rd1 Rd7 29. Rxd7 Bxd7 30. Kd4 Kf8 31. g3 h6 32. Kc4 Bc6 33. Nd2 Ke8 34. b4 Bc5 35. b5 Be7 1/2-1/2

[Event "Czech Youth U10 Boys 2024"]
[Site "Kouty nad Desnou"]
[Date "2024.03.11"]
[Round "4.8"]
[White "Dlouhy, Martin"]
[Black "Fadrny, Jonas"]
[Result "1/2-1/2"]
[ECO "E18"]
[WhiteElo "1965"]
[BlackElo "1600"]
[Annotator "ChessBase"]
[PlyCount "86"]
[EventDate "2024.03.10"]
[EventType "swiss"]
[EventCountry "CZE"]
[SourceTitle "playchess.com"]
[Source "ChessBase"]
[SourceQuality "1"]
[TimeControl "40/5400+30:1800+30"]

1. Nf3 Nf6 2. c4 b6 3. d4 e6 4. Nc3 Bb7 5. g3 Be7 6. Bg2 O-O 7. O-O d6 8. Nd2 Bxg2 9. Kxg2 Nbd7 10. e4 e5 11. d5 Qc8 12. b3 c6 13. Qe2 cxd5 14. exd5 Qb7 15. Ba3 Rac8 16. Nb5 Qb8 17. f4 a6 18. fxe5 axb5 19. exf6 Bxf6 20. Rac1 bxc4 21. Nxc4 Qb7 22. Rfd1 Rfe8 23. Qd2 Be5 24. Bxd6 Rxc4 25. Rxc4 Bxd6 26. Rc6 Bc5 27. b4 Nb8 28. bxc5 Nxc6 29. dxc6 Qxc6+ 30. Qd5 Qa4 31. cxb6 Qc2+ 32. Kh3 h6 33. b7 Rb8 34. Qd8+ Rxd8 35. Rxd8+ Kh7 36. b8=Q Qf5+ 37. Kg2 Qc2+ 38. Kh1 Qe4+ 39. Kg1 Qe1+ 40. Kg2 Qe2+ 41. Kh3 Qh5+ 42. Kg2 Qe2+ 43. Kg1 Qe1+ 1/2-1/2

[Event "Czech Youth U10 Boys 2024"]
[Site "Kouty nad Desnou"]
[Date "2024.03.11"]
[Round "4.9"]
[White "Kobersky, Matyas"]
[Black "Zelenka, Tomas"]
[Result "0-1"]
[ECO "E00"]
[WhiteElo "1405"]
[BlackElo "1566"]
[Annotator "NA RC"]
[PlyCount "62"]
[EventDate "2024.03.10"]
[EventType "swiss"]
[EventCountry "CZE"]
[SourceTitle "playchess.com"]
[Source "ChessBase"]
[SourceQuality "1"]
[TimeControl "40/5400+30:1800+30"]

1. d4 Nf6 2. c4 e6 3. a3 d5 4. Nc3 Be7 5. Nf3 O-O 6. Bg5 Nbd7 7. Bxf6 Nxf6 8. e3 c6 9. Bd3 dxc4 10. Bxc4 Nd5 11. O-O Qb6 12. Qb3 Qxb3 13. Bxb3 Bd7 14. Rad1 Nxc3 15. bxc3 Bxa3 16. Bc2 Bd6 17. Ng5 h6 18. Ne4 Be7 19. Rb1 b6 20. Ra1 c5 21. Nd2 cxd4 22. exd4 Rfc8 23. c4 a5 24. Ra2 Ra7 25. Rfa1 Rca8 26. f3 a4 27. Be4 Rc8 28. Bc2 a3 29. Bd3 Bc6 30. Ne4 Bxe4 31. Bxe4 Rxc4 0-1

[Event "Czech Youth U10 Boys 2024"]
[Site "Kouty nad Desnou"]
[Date "2024.03.12"]
[Round "5.1"]
[White "Vo, Daniel"]
[Black "Vydra, David"]
[Result "1/2-1/2"]
[ECO "B94"]
[WhiteElo "1629"]
[BlackElo "1583"]
[Annotator "NA RC"]
[PlyCount "65"]
[EventDate "2024.03.10"]
[EventType "swiss"]
[EventCountry "CZE"]
[SourceTitle "playchess.com"]
[Source "ChessBase"]
[SourceQuality "1"]
[TimeControl "40/5400+30:1800+30"]

1. e4 c5 2. Nf3 d6 3. d4 cxd4 4. Nxd4 Nf6 5. Nc3 a6 6. Bg5 Nbd7 7. f4 Qc7 8. Qf3 h6 9. Bh4 g5 10. fxg5 hxg5 11. Bxg5 Qc5 12. Bxf6 Nxf6 13. Qd3 Bh6 14. Nb3 Qc7 15. Nd5 Nxd5 16. exd5 Bd7 17. Qc4 Qd8 18. Qc3 Rg8 19. Qd3 Rg6 20. Nd2 Rc8 21. O-O-O Rf6 22. Qg3 Qc7 23. Bd3 Ba4 24. Qg8+ Bf8 25. b3 Kd7 26. Qg4+ Kd8 27. Qxa4 Qc3 28. Kb1 Rf4 29. Ne4 Rxe4 30. Qxe4 Bg7 31. Kc1 Bh6+ 32. Kb1 Bg7 33. Kc1 1/2-1/2

[Event "Czech Youth U10 Boys 2024"]
[Site "Kouty nad Desnou"]
[Date "2024.03.12"]
[Round "5.2"]
[White "Trejbal, Jindrich"]
[Black "Skoloud, Josef"]
[Result "1-0"]
[ECO "A03"]
[WhiteElo "1947"]
[BlackElo "1564"]
[Annotator "RC"]
[PlyCount "41"]
[EventDate "2024.03.10"]
[EventType "swiss"]
[EventCountry "CZE"]
[SourceTitle "playchess.com"]
[Source "ChessBase"]
[SourceQuality "1"]
[TimeControl "40/5400+30:1800+30"]

1. f4 d5 2. Nf3 Nf6 3. e3 c5 4. d4 Nc6 5. c3 Bf5 6. Bd3 Bxd3 7. Qxd3 e6 8. O-O Be7 9. Nbd2 O-O 10. Ne5 Nd7 11. Rf3 Ndxe5 12. fxe5 c4 13. Qc2 b5 14. Rh3 h6 15. Nf3 Re8 16. e4 dxe4 17. Qxe4 Qd5 18. Qg4 Kh7 19. Bxh6 gxh6 20. Ng5+ Kg7 21. Nxe6+ 1-0

[Event "Czech Youth U10 Boys 2024"]
[Site "Kouty nad Desnou"]
[Date "2024.03.12"]
[Round "5.3"]
[White "Bartak, Tobias"]
[Black "Bucek, Vit"]
[Result "1/2-1/2"]
[ECO "B30"]
[WhiteElo "1545"]
[BlackElo "1603"]
[Annotator "NA RC"]
[PlyCount "114"]
[EventDate "2024.03.10"]
[EventType "swiss"]
[EventCountry "CZE"]
[SourceTitle "playchess.com"]
[Source "ChessBase"]
[SourceQuality "1"]
[TimeControl "40/5400+30:1800+30"]

1. e4 c5 2. Nf3 Nc6 3. c3 g6 4. d4 cxd4 5. cxd4 d5 6. e5 Bg7 7. Bb5 f6 8. Bxc6+ bxc6 9. Qa4 Qc7 10. Bf4 Qb6 11. O-O Bd7 12. Nbd2 Rc8 13. Qb3 e6 14. Qxb6 axb6 15. b4 f5 16. Nb3 Bf8 17. Bd2 h6 18. Nh4 Ne7 19. f4 Rg8 20. Nf3 Rc7 21. Rfc1 Rc8 22. a4 Rb8 23. Rcb1 g5 24. fxg5 hxg5 25. Nxg5 Ng6 26. g3 Be7 27. a5 Bxg5 28. Bxg5 Rb7 29. axb6 Rxb6 30. Nc5 Rb8 31. Nxd7 Kxd7 32. Ra7+ Kc8 33. Rc1 Nxe5 34. Bf4 Nf3+ 35. Kf2 Nxd4 36. Bxb8 Kxb8 37. Re7 Rg4 38. Re1 Kc8 39. h3 Kd8 40. R7xe6 Re4 41. R1xe4 fxe4 42. Rf6 Ke7 43. Rh6 Kf7 44. g4 Kg7 45. Rd6 Kf7 46. b5 Ke7 47. Rxc6 Nxb5 48. Rc5 Nd4 49. Rxd5 Nf3 50. Ke3 Ng1 51. Kxe4 Nxh3 52. Kf3 Kf6 53. Kg3 Ng5 54. Rf5+ Kg6 55. Kh4 Nh7 56. g5 Kxf5 57. g6 Kxg6 1/2-1/2

[Event "Czech Youth U10 Boys 2024"]
[Site "Kouty nad Desnou"]
[Date "2024.03.12"]
[Round "5.4"]
[White "Lutskiy, Mikhail"]
[Black "Strihavka, Petr"]
[Result "1/2-1/2"]
[ECO "C50"]
[WhiteElo "1676"]
[BlackElo "1447"]
[Annotator "NA RC"]
[PlyCount "82"]
[EventDate "2024.03.10"]
[EventType "swiss"]
[EventCountry "CZE"]
[SourceTitle "playchess.com"]
[Source "ChessBase"]
[SourceQuality "1"]
[TimeControl "40/5400+30:1800+30"]

1. e4 e5 2. Nf3 Nc6 3. Bc4 Nf6 4. d3 Bc5 5. c3 O-O 6. O-O d6 7. Re1 Bg4 8. Be3 Bb6 9. Nbd2 h6 10. Qc2 Re8 11. h3 Be6 12. Rad1 Qd7 13. Bb5 Bxe3 14. fxe3 a6 15. Bxc6 Qxc6 16. d4 exd4 17. exd4 Qb6 18. Kh1 Bd7 19. Rc1 Rad8 20. c4 c5 21. d5 Qc7 22. Qd3 Qc8 23. Nh4 g5 24. Nf5 Bxf5 25. exf5 Kg7 26. Qf3 Rxe1+ 27. Rxe1 Re8 28. Rf1 Qd8 29. Qc3 Qe7 30. Nf3 Qe3 31. Qxe3 Rxe3 32. Re1 Rxe1+ 33. Nxe1 Ne4 34. g4 Kf6 35. Nd3 b5 36. b3 b4 37. Kg2 Nc3 38. Kg3 Nxa2 39. Kf3 Nc3 40. Ke3 a5 41. Nb2 Ke5 1/2-1/2

[Event "Czech Youth U10 Boys 2024"]
[Site "Kouty nad Desnou"]
[Date "2024.03.12"]
[Round "5.5"]
[White "Hlavacek, Pavel"]
[Black "Bukovskij, Dmitri"]
[Result "1/2-1/2"]
[ECO "D58"]
[WhiteElo "1945"]
[BlackElo "1665"]
[Annotator "RC"]
[PlyCount "90"]
[EventDate "2024.03.10"]
[EventType "swiss"]
[EventCountry "CZE"]
[SourceTitle "playchess.com"]
[Source "ChessBase"]
[SourceQuality "1"]
[TimeControl "40/5400+30:1800+30"]

1. d4 d5 2. c4 e6 3. Nc3 Nf6 4. Bg5 Be7 5. Nf3 O-O 6. e3 h6 7. Bh4 b6 8. cxd5 exd5 9. Bd3 Bb7 10. O-O Nbd7 11. Rc1 c5 12. Re1 c4 13. Bb1 Re8 14. Qc2 Nf8 15. Ne5 N6d7 16. Bg3 Nxe5 17. Bxe5 Bd6 18. Bxd6 Qxd6 19. Nb5 Qc6 20. Nc3 Qf6 21. Qf5 Qe6 22. Qxe6 Nxe6 23. Nb5 Bc6 24. Nc3 b5 25. Ne2 b4 26. Bf5 g6 27. Bxe6 Rxe6 28. Nf4 Re7 29. e4 Rae8 30. e5 Kg7 31. Re3 f6 32. exf6+ Kxf6 33. Rce1 Rxe3 34. fxe3 a5 35. Kf2 g5 36. Nh5+ Kg6 37. Ng3 h5 38. Nf1 Rf8+ 39. Kg1 a4 40. Rc1 Re8 41. Kf2 Bd7 42. h3 Bf5 43. Nh2 Be4 44. Nf3 Bxf3 45. gxf3 Kf5 1/2-1/2